 Dungeon Crawl Stone Soup version 0.30-a0-719-gcc4359ea44 (webtiles) character file.

Game seed: 3422137569864880809

169 bmack86 the Covered (level 5, -6/47 HPs)
             Began as a Minotaur Fighter on Jan 27, 2023.
             Mangled by a gnoll
             ... wielding a +0 halberd
              (11 damage)
             ... on level 3 of the Dungeon.
             The game lasted 00:05:25 (1627 turns).

bmack86 the Covered (Minotaur Fighter)              Turns: 1627, Time: 00:05:26

Health: -6/47      AC:  9    Str: 23    XL:     5   Next: 25%
Magic:  4/4        EV:  7    Int:  5    God:
Gold:   124        SH:  4    Dex:  9    Spells: 4/4 levels left

rFire   . . .      SeeInvis .    a - +0 war axe
rCold   . . .      Faith    .    c - +0 buckler
rNeg    . . .      Spirit   .    j - +0 chain mail
rPois   .          Reflect  .    (helmet restricted)
rElec   .          Harm     .    (no cloak)
rCorr   .          Rampage  .    (no gloves)
Will    .....                    (no boots) Stlth
                                 (no amulet)
HPRegen 0.27/turn                f - ring of flight
MPRegen 0.09/turn                (no ring)

@: flying
A: horns 2, retaliatory headbutt
a: no special abilities


You were on level 3 of the Dungeon.
You visited 1 branch of the dungeon, and saw 3 of its levels.

You collected 124 gold pieces.

Inventory:

Hand Weapons
 a - a +0 war axe (weapon)
 o - the +8 Wrath of Trog {antimagic, *Rage Rampage}
   (You found it on level 2 of the Dungeon)

   It causes slowness and exhaustion when equipped.
   It extends the wielder's berserk rage when killing foes.
   *Rage:     It berserks you when you make melee attacks (+50% chance).
   Rampage:   It bestows one free step when moving towards enemies.
Armour
 c - a +0 buckler (worn)
 j - a +0 chain mail (worn)
Jewellery
 f - a ring of flight (left hand)
Scrolls
 b - a scroll of vulnerability {unknown}
 g - 2 scrolls of noise {unknown}
 h - 2 scrolls of teleportation {unknown}
 k - a scroll of blinking {unknown}
 m - a scroll of enchant weapon {unknown}
Potions
 d - a potion of might
 e - 3 potions of curing
 i - a potion of lignification {unknown}
 l - a potion of flight
 n - a potion of invisibility {unknown}
 p - a potion of heal wounds {unknown}


   Skills:
 + Level 4.5 Fighting
 * Level 4.5 Axes
 + Level 4.6 Armour
 + Level 4.5 Shields


You had 4 spell levels left.
You didn't know any spells.
Your spell library contained the following spells:

 Spells                   Type           Power      Damage    Failure   Level
 Summon Small Mammal      Summ           0%         N/A       99%         1
 Call Canine Familiar     Summ           0%         N/A       100%        3
 Portal Projectile        Hex/Tloc       0%         N/A       100%        3
 Summon Guardian Golem    Hex/Summ       0%         N/A       100%        3
 Tukima's Dance           Hex            0%         N/A       100%        3
 Blade Hands              Tmut           0%         N/A       100%        5


Dungeon Overview and Level Annotations

Branches:
Dungeon (3/15)

Altars:

Shops:
D:3 =


Innate Abilities, Weirdness & Mutations

You have a pair of horns on your head.
You reflexively headbutt those who attack you in melee.


Message History

You headbutt the gnoll.
The gnoll is lightly wounded.
You closely miss the gnoll. The gnoll hits you with a +0 club.
You block the gnoll's attack.
You closely miss the gnoll.
The gnoll is lightly wounded.
You closely miss the gnoll. The gnoll hits you with a +0 club.
You block the gnoll's attack. The gnoll hits you with a +0 club.
You barely miss the gnoll. You headbutt the gnoll.
The gnoll is heavily wounded.
You closely miss the gnoll. The gnoll hits you but does no damage.
The gnoll attacks as you move away! The gnoll closely misses you.
You slash the gnoll!
You kill the gnoll!
You slash the gnoll!
You kill the gnoll!
You slash the gnoll!
You kill the gnoll!
A ball python comes into view.
The gnoll closely misses you. The gnoll barely misses you.
The ball python bites you but does no damage.
The ball python grabs you. The ball python constricts you.
There is an entrance to Saskuwop's Jewellery Shop here.
Things that are here:
a +0 flail; a +0 club; a +0 whip You hit the gnoll but do no damage.
You closely miss the ball python. The gnoll hits you with a +0 halberd!
The ball python bites you but does no damage.
The ball python constricts you. The gnoll hits you with a +0 halberd!
* * * LOW HITPOINT WARNING * * *
You hit the gnoll.
The gnoll is lightly wounded.
You slash the ball python!
You kill the ball python!
The gnoll barely misses you.
The gnoll hits you from afar with a +0 halberd.
* * * LOW HITPOINT WARNING * * *
The gnoll hits you with a +0 halberd!
You die...

#.. ####.>........
##.. ..##..†......
...##..##..##.###
...#.##..##.#
#.#.##.###.#
######...†..###.###
##≈≈≈......)).......
#≈≈≈≈≈###...)......#
#≈≈@≈≈##..<)†)..##..
# #≈≈g≈≈##.###...##
#..#.~.~#...# ##..#
#........### #..#
#....#......# #..#
...#.#######.# ....
####. ... .##.. ..
#.##. .. .. .#


You could see a gnoll.

Vanquished Creatures
  Jessica (D:2)
  Natasha (D:2)
  Robin (D:3)
  3 gnolls (D:3)
  2 adders
  A worm (D:2)
  A dart slug (D:1)
  7 endoplasms
  2 giant cockroaches
  8 goblins
  8 hobgoblins
  A quokka (D:2)
  4 ball pythons
  3 bats
  3 frilled lizards
  7 kobolds
  4 rats
57 creatures vanquished.

Notes
Turn   | Place    | Note
-------+----------+-------------------------------------------
     0 | D:1      | bmack86 the Minotaur Fighter began the quest for the Orb.
     0 | D:1      | Reached XP level 1. HP: 19/19 MP: 0/0
   387 | D:1      | Reached XP level 2. HP: 27/27 MP: 1/1
   994 | D:2      | Reached XP level 3. HP: 24/33 MP: 2/2
  1145 | D:2      | Noticed Natasha
  1152 | D:2      | Killed Natasha
  1257 | D:2      | Noticed Jessica
  1263 | D:2      | Killed Jessica
  1264 | D:2      | Reached XP level 4. HP: 39/40 MP: 3/3
  1380 | D:2      | Found the +8 Wrath of Trog {antimagic, *Rage Rampage}
  1551 | D:3      | Noticed Robin
  1560 | D:3      | Killed Robin
  1573 | D:3      | Reached XP level 5. HP: 31/47 MP: 4/4
  1578 | D:3      | Found Saskuwop's Jewellery Shop.
  1627 | D:3      | Mangled by a gnoll

Illustrated notes

Levels and vault maps discovered:
D:1:      dpeg_arrival_rhombus, layout_basic, dk_noncrumbling_4
D:2:      layout_basic, uniq_jessica, uniq_natasha
D:3:      kennysheep_the_goblin_king, layout_rooms,
          nicolae_overflow_ecumenical_swirl, serial_shops,
          nicolae_shop_waterfront, uniq_robin

Skill      XL: |  1  2  3  4 |
---------------+-------------+-----
Axes           | 3 4 |  4.5
Fighting       | 4 |  4.5
Shields        | 4 |  4.5
Armour         | 4 |  4.6

Action                     |  1- 3 |  4- 6 || total
---------------------------+-------+-------++-------
  Melee: War axe           |    68 |    36 ||   104
         Headbutt          |     5 |     4 ||     9
    Use: Scroll            |     3 |       ||     3
 Armour: Chain mail        |    34 |    44 ||    78
         Scale mail        |     1 |       ||     1
  Dodge: Dodged            |    20 |    30 ||    50
  Block: Buckler           |    25 |    12 ||    37

Table legend: (Time is in decaauts)
 A = Elapsed time spent in this place.
 B = Non-inter-level travel time spent in this place.
 C = Inter-level travel time spent in this place.
 D = Time resting spent in this place.
 E = Time spent auto-exploring this place.
 F = Levels seen in this place.
 G = Mean time per level.
                   A        B        C        D        E       F      G
               +--------+--------+--------+--------+--------+-----+--------+
         Total |   1672 |   1642 |     30 |      0 |   1130 |   3 |  557.3 |
       Dungeon |   1672 |   1642 |     30 |      0 |   1130 |   3 |  557.3 |
               +--------+--------+--------+--------+--------+-----+--------+

Top non-repeatable levels by time:
     D:1: 915 daAuts
     D:2: 651 daAuts
     D:3: 105 daAuts
